 Dungeon Crawl Stone Soup version 0.17-a0-1951-g62301d3 (webtiles) character file.

185 achirane the Ruffian (level 5, -3/50 HPs)
             Began as a Troll Transmuter on Oct 2, 2015.
             Slain by Grinder (10 damage)
             ... while paralysed by Grinder
             ... on level 4 of the Dungeon.
             The game lasted 00:11:06 (1754 turns).

achirane the Ruffian (Troll Transmuter)             Turns: 1754, Time: 00:11:06

Health: -3/50      AC:  5    Str: 18    XL:     5   Next: 37%
Magic:  5/5        EV:  1    Int:  9    God:
Gold:   196        SH:  0    Dex: 11    Spells: 1 memorised, 5 levels left

rFire  . . .     SeeInvis .       - Unarmed
rCold  . . .     Clarity  .     b - +0 robe
rNeg   . . .     SustAt   .     (no shield)
rPois  .         Gourm    +     (helmet restricted)
rElec  .         Spirit   .     (no cloak)
rCorr  .         Warding  .     (gloves unavailable)
rMut   .         Stasis   .     (boots unavailable)
MR     +....                    (no amulet)
Stlth  +.........               s - ring of flight {+Fly, !d}
                                l - ring of protection from magic {MR+, !d}

@: paralysed, somewhat resistant to hostile enchantments, very unstealthy
A: unfitting armour, claws 3, fast metabolism 3, gourmand, regeneration 2,
shaggy fur 1, tough skin 2
a: Evoke Flight


You were on level 4 of the Dungeon.
You were very full.

You visited 1 branch of the dungeon, and saw 5 of its levels.

You collected 196 gold pieces.

Inventory:

Missiles
 a - 12 arrows
 g - 39 poisoned needles
 k - 43 stones (quivered)
 r - 12 sling bullets
Armour
 b - a +0 robe (worn)
Jewellery
 l - a ring of protection from magic (left claw) {MR+, !d}
   (You found it on level 1 of the Dungeon)
 s - a ring of flight (right claw) {+Fly, !d}
   (You found it on level 4 of the Dungeon)
Scrolls
 e - 5 scrolls of remove curse
 h - 3 scrolls of identify {unknown}
 n - a scroll of amnesia {unknown}
 o - 2 scrolls of random uselessness {unknown}
 q - a scroll of fog {unknown}
 t - a scroll of blinking {unknown}
Potions
 f - a potion of magic {unknown}
 i - a potion of might {unknown}
 j - a potion of curing {unknown}
 m - 2 potions of heal wounds {unknown}
Books
 c - a book of Changes
Comestibles
 d - 6 bread rations {@e1}
 p - 2 meat rations {@e2}


   Skills:
 + Level 2.4 Fighting
 - Level 1.5 Dodging
 * Level 4.6 Unarmed Combat
 - Level 1.2 Spellcasting
 + Level 2.3 Transmutations


You had 5 spell levels left.
You knew the following spells:

 Your Spells              Type           Power        Failure   Level  Hunger
a - Beastly Appendage     Trmt           #.....       14%         1    ##.....


Dungeon Overview and Level Annotations

Branches:
Dungeon (5/15)
 Temple: D:4-7

Altars:
Elyvilon
Fedhas

Annotations:
D:2 exclusion: oklob plant
D:4 Grinder


Innate Abilities, Weirdness & Mutations

You are too large for most types of armour.
You have claws for hands.
Your metabolism is lightning-fast.
You like to eat raw meat.
You heal very quickly.
You are covered in fur (AC +1).
You have very tough skin (AC +2).


Message History

The orc moves out of view.
You barely miss the orc. The orc barely misses you.
You scratch the orc.
The orc is severely wounded.
The orc closely misses you.
You barely miss the orc.
The orc is severely wounded.
The orc hits you but does no damage.
The orc priest looks braver for a moment.
You scratch the orc.
You kill the orc!
You barely miss the orc. The orc hits you with a club.
You completely miss the orc. The orc closely misses you.
You scratch the orc.
The orc is moderately wounded.
Health restored: 49 You closely miss the orc.
The orc is moderately wounded.
The orc completely misses you.
You scratch the orc.
The orc is heavily wounded.
The orc closely misses you.
You closely miss the orc.
The orc is heavily wounded.
The orc hits you with a club.
You take 3 damage, and have 46/49 hp.
You scratch the orc.
The orc is severely wounded.
The orc misses you.
You scratch the orc.
You kill the orc!
You scratch the orc priest.
The orc priest is moderately wounded.
The orc priest picks up a scroll labeled ASTAEK ADWAITT.
You closely miss the orc priest. Your claw misses the orc priest.
The orc priest is moderately wounded.
The orc priest hits you with a mace.
You take 3 damage, and have 44/49 hp.
You scratch the orc priest.
The orc priest is heavily wounded.
You scratch the orc priest.
The orc priest is almost dead.
The orc priest barely misses you.
You claw the orc priest!
You kill the orc priest!
t - a scroll labeled ASTAEK ADWAITT
Items here: )))))) [[[ † You butcher the orc corpse.
u - a chunk of flesh {@w0}
Items here: )))))) [[[ ÷ Eating a chunk of flesh {@w0}.
This raw flesh tastes great.
You continue eating. x2
You regained 2 hp, and now have 49/50 hp.
Okay, then.
HP restored.
Found a stone staircase leading up.
There is an open door here.
Health restored: 50
There is an open door here.
There is an open door here.
You open the door.
Marking area around Grinder as unsafe for travelling.
Grinder comes into view.
You aren't carrying any items that can be evoked.
Unknown command.
You close the door.
Read which item? (? for menu, Esc to quit)
As you read the scroll labeled PIUPTU VUESAGE, it crumbles to dust.
You feel blessed for a moment.
It was a scroll of remove curse.
Grinder opens the door.
Throwing (i - inventory):
k - 44 stones (quivered)
Press: ? - help, Shift-Dir - straight line, f - Grinder
Aim: Grinder You throw a stone.
The stone hits Grinder but does no damage.
You scratch Grinder but do no damage. Grinder hits you!
You writhe in agony.
You take 14 damage, and have 36/50 hp.
MASSIVE DAMAGE!!
You barely miss Grinder. You claw Grinder!
Grinder is moderately wounded.
Grinder gestures at you. Pain shoots through your body!
You take 5 damage, and have 31/50 hp.
You scratch Grinder.
Grinder is moderately wounded.
Grinder hits you!
You take 8 damage, and have 23/50 hp.
You closely miss Grinder.
Grinder is moderately wounded.
Grinder hits you.
You writhe in agony.
You take 5 damage, and have 18/50 hp.
You closely miss Grinder.
Grinder is moderately wounded.
Grinder gestures at you.
You suddenly lose the ability to move!
Grinder hits you!
* * * LOW HITPOINT WARNING * * *
You writhe in agony.
* * * LOW HITPOINT WARNING * * *
Grinder hits you!
You die...

##.#'#### #.###......#
#.#....# #.##<.#.####
#....#.#######.##..#.#
##.............##..#.#
#..##.##########..#.#
#..##.............#.#
#..#############.##.#
#####..# #....##....#
.# #....#.#
#....5@.#### #.##.#.#
#....#### #.##.#.#
#... #.##.#.# #.%
#.##.#># ## #.##.#.#
#.#..#.# #.#.##.#
#.#.##.#


You could see Grinder.

Vanquished Creatures
  A giant frog skeleton (D:4)
  An orc priest (D:4)
  A gnoll (D:1)
  3 adders
  An ooze (D:3)
  2 adder skeletons (D:2)
  2 worms (D:3)
  3 giant geckos
  10 orcs
  A bat zombie (D:2)
  6 hobgoblins
  6 jackals (D:1)
  2 quokkas
  5 bats
  5 giant cockroaches
  2 giant cockroach zombies (D:2)
  4 giant newts
  3 goblins
  A jackal skeleton (D:2)
  5 kobolds
  2 rats (D:3)
66 creatures vanquished.

Notes
Turn   | Place    | Note
--------------------------------------------------------------
     0 | D:1      | achirane the Troll Transmuter began the quest for the Orb.
     0 | D:1      | Reached XP level 1. HP: 18/18 MP: 1/1
    94 | D:1      | Reached skill level 1 in Fighting
    94 | D:1      | Reached XP level 2. HP: 18/27 MP: 2/2
   311 | D:1      | Reached XP level 3. HP: 29/33 MP: 3/3
  1045 | D:2      | Found a blossoming altar of Fedhas.
  1060 | D:2      | Noticed an oklob plant
  1152 | D:3      | Reached skill level 4 in Unarmed Combat
  1178 | D:3      | Reached skill level 2 in Transmutations
  1178 | D:3      | Reached XP level 4. HP: 30/42 MP: 4/4
  1439 | D:4      | Reached skill level 2 in Fighting
  1447 | D:4      | Found a white marble altar of Elyvilon.
  1568 | D:4      | Reached XP level 5. HP: 45/49 MP: 5/5
  1609 | D:5      | Entered Level 5 of the Dungeon
  1744 | D:4      | Noticed Grinder
  1752 | D:4      | Paralysed by Grinder for 7 turns
  1753 | D:4      | HP: 11/50 [Grinder (8)]
  1754 | D:4      | Slain by Grinder

Vault maps used:
D:1:      dpeg_arrival_signposts
D:2:      serial_undead, serial_undead_c, serial_undead_e, serial_undead_c,
          serial_undead_a, serial_undead_b, serial_undead_a,
          minmay_misc_feat_tiny, tgw_fedhas
D:3:      wad_crossroads, nicolae_overflow_hidden_temple, nemelex_deck,
          first_bread, lexackson_kobold_supper
D:4:      overflow_temple_1_default, uniq_grinder
D:5:      temple_pool_b, uniq_eustachio

Action                   |  1- 3 |  4- 6 || total
-------------------------+-------+-------++-------
Melee: Unarmed           |   120 |    75 ||   195
Throw: Stone             |       |     5 ||     5
  Use: Scroll            |       |     1 ||     1
 Stab: Sleeping          |     1 |       ||     1
  Eat: Chunk             |     8 |    11 ||    19
       Beef jerky        |       |     1 ||     1

Vault maps used:
D:1:      dpeg_arrival_signposts
D:2:      serial_undead, serial_undead_c, serial_undead_e, serial_undead_c,
          serial_undead_a, serial_undead_b, serial_undead_a,
          minmay_misc_feat_tiny, tgw_fedhas
D:3:      wad_crossroads, nicolae_overflow_hidden_temple, nemelex_deck,
          first_bread, lexackson_kobold_supper
D:4:      overflow_temple_1_default, uniq_grinder
D:5:      temple_pool_b, uniq_eustachio

Table legend:
 A = Turns spent in this place as a percentage of turns spent in the entire game.
 B = Non-inter-level travel turns spent in this place as a percentage of non-inter-level travel turns spent in the entire game.
 C = Inter-level travel turns spent in this place as a percentage of turns spent in this place.
 D = Turns resting spent in this place as a percentage of non-inter-level travel turns spent in this place.
 E = Turns spent auto-exploring this place as a percentage of non-inter-level travel turns spent in this place.
 F = Non-inter-level travel turns spent in this place divided by the number of levels of this place that you've seen.
                   A       B       C       D       E      F
               +-------+-------+-------+-------+-------+----------------------
         Total | 100.0 | 100.0 |   0.1 |   0.0 |   5.3 | 169.8
       Dungeon | 100.0 | 100.0 |   0.1 |   0.0 |   5.3 | 169.8
               +-------+-------+-------+-------+-------+----------------------

Table legend:
 A = Kills in this place as a percentage of kills in entire the game.
 B = Kills by you in this place as a percentage of kills by you in the entire game.
 C = Kills by friends in this place as a percentage of kills by friends in the entire game.
 D = Other kills in this place as a percentage of other kills in the entire game.
 E = Experience gained in this place as a percentage of experience gained in the entire game.
 F = Experience gained in this place divided by the number of levels of this place that you have seen.
                   A       B       C       D       E      F
               +-------+-------+-------+-------+-------+----------------------
         Total | 100.0 | 100.0 |  -nan |  -nan | 100.0 |  53.0
       Dungeon | 100.0 | 100.0 |  -nan |  -nan | 100.0 |  53.0
               +-------+-------+-------+-------+-------+----------------------
